 Dungeon Crawl Stone Soup version 0.29-a0-271-gd4eb659eea (webtiles) character file.

Game seed: 11319430457397191706

1710 spaghetti the Magician (level 8, -9/57 HPs)
             Began as a Demigod Venom Mage on Mar 8, 2022.
             Mangled by a two-headed ogre
             ... wielding a +0 giant spiked club
              (10 damage)
             ... on level 7 of the Dungeon.
             The game lasted 00:09:41 (7320 turns).

spaghetti the Magician (Demigod Venom Mage)         Turns: 7320, Time: 00:09:41

Health: -9/57      AC:  4    Str:  7    XL:     8   Next: 45%
Magic:  20/20      EV: 12    Int: 25    God:
Gold:   239        SH:  0    Dex: 16    Spells: 11/18 levels left

rFire   . . .      SeeInvis .   k - +8 dagger of Precise Incision {pain, Dex+2, short}
rCold   . . .      Faith    .   (no shield)
rNeg    . . .      Spirit   .   a - +0 robe
rPois   .          Reflect  .   (no helmet)
rElec   .          Harm     .   p - +0 cloak {Will+}
rCorr   .          Rampage  .   (no gloves)
Will    +....                   (no boots)
Stlth   ++........              (no amulet)
HPRegen 0.19/turn               (no ring)
MPRegen 0.17/turn               (no ring)

@: unable to read
A: high MP 1, forlorn, divine attributes, shaggy fur 1, weak 1, inability to
read while threatened
a: no special abilities


You were on level 7 of the Dungeon.
You visited 1 branch of the dungeon, and saw 7 of its levels.

You collected 335 gold pieces.
You spent 96 gold pieces at shops.


Innate Abilities, Weirdness & Mutations

You have an increased reservoir of magic. (+10% MP)
You shall have no god before yourself.
Your divine heritage dramatically boosts your attributes as you level up.
You are covered in fur. (AC +1)
You are weak. (Str -2)
You sometimes lose the ability to read scrolls when taking damage.


   Skills:
 + Level 5.3 Short Blades
 - Level 1.7 Dodging
 - Level 1.7 Stealth
 + Level 5.6 Spellcasting
 + Level 5.3 Necromancy
 - Level 0.8 Transmutations
 - Level 4.0 Poison Magic


You had 11 spell levels left.
You knew the following spells:

 Your Spells              Type           Power      Damage    Failure   Level
a - Mephitic Cloud        Conj/Pois/Air  13%        N/A       14%         3
b - Olgreb's Toxic Radia  Pois           27%        N/A       16%         4

Your spell library contained the following spells:

 Spells                   Type           Power      Damage    Failure   Level
 Sting                    Tmut/Pois      76%        1d6       2%          1
 Poisonous Vapours        Pois/Air       34%        N/A       5%          2

Inventory:

Hand Weapons
 d - a +0 dagger {short}
   (You took it off a goblin on level 1 of the Dungeon)
 k - the +8 dagger of Precise Incision (weapon) {pain, Dex+2, short}
   (You found it on level 3 of the Dungeon)

   In the hands of one skilled in necromantic magic, it inflicts extra damage on
   living creatures.
   Dex:       It affects your dexterity (+2).
 l - a +1 dagger of venom {short}
   (You took it off an orc on level 5 of the Dungeon)
Missiles
 e - 115 stones {throwing}
 g - a boomerang {throwing}
 n - 6 javelins {throwing}
 q - 2 throwing nets {=f!fthrowing}
Armour
 a - a +0 robe (worn)
 p - a +0 cloak of willpower (worn)
   (You took it off Crazy Yiuf on level 2 of the Dungeon)
Magical Staves
 w - a staff of death {!astaff}
   (You found it on level 6 of the Dungeon)
Jewellery
 h - an amulet of the acrobat
   (You found it on level 2 of the Dungeon)
Wands
 j - a wand of mindburst (11)
   (You found it on level 3 of the Dungeon)
 m - a wand of paralysis (11)
   (You took it off Ijyb on level 4 of the Dungeon)
Scrolls
 i - 2 scrolls of magic mapping {!r}
 o - a scroll of holy word
 s - a scroll of teleportation {@r4}
 t - a scroll of enchant armour
Potions
 b - 2 potions of magic
 c - a potion of mutation {!q}
 f - a potion of ambrosia
 r - a potion of might
 u - a potion of curing {@q1}
 v - a potion of attraction {unknown}

Dungeon Overview and Level Annotations

Branches:
Dungeon (7/15)             Temple (0/1) D:6

Shops:
D:3 !

Annotations:
D:5 3 runed translucent doors, Cecur's ghost, novice MiFi

.####### #
......# ..
.....# ...
....# .. ... #
...#.##.##.#
..........>#
.#.#.##O#### #
#@#######.#
#.........#
##.####........
#......<....###
##.########.#
.. .#


You could see a two-headed ogre.


Message History

You see here a howler monkey corpse.
You see here a howler monkey corpse.
Key pressed, stopping explore.
There is a stone staircase leading up here.
A hound comes into view.
Okay, then.
Okay, then.
A hound is nearby!
A hound is nearby!
A hound is nearby!
The hound bites you but does no damage. x2
You hit the hound.
The hound writhes in agony.
The hound barely misses you.
You puncture the hound!
The hound writhes in agony.
The hound bites you but does no damage.
You barely miss the hound. The hound bites you.
You hit the hound.
You kill the hound! 😕 HP[-2]
You take 2 damage, and now have 55/57 hp.
No target in view!
No target in view!
No target in view!
No target in view!
No target in view!
You now have 232 gold pieces (gained 11).
You see here a hound corpse.
Key pressed, stopping explore.
m - a wand of paralysis (11) (gained 10 charges)
You now have 239 gold pieces (gained 7).
You open the door.
There is an open door here.
There is a stone staircase leading up here.
Found a staircase to the Ecumenical Temple. 😎 HP[+2]
Your hp is fully restored (57).
Key pressed, stopping explore.
Key pressed, stopping explore.
You open the door.
There is an open door here.
Items here: )) [[.
Things that are here:
a +0 dagger {short}; a +0 robe
There is an open door here.
Items here: ))) [.
Key pressed, stopping explore.
Items here: ))) [.
Key pressed, stopping explore.
There is an open door here.
Things that are here:
a +0 dagger {short}; a +0 robe
Items here: )) [[.
There is an open door here.
Key pressed, stopping explore.
Done exploring.
(D) Dungeon (T) Temple
Where to? (Enter - D:6, ? - help)
There is an open door here.
Items here: )) [[.
Things that are here:
a +0 dagger {short}; a +0 robe
There is an open door here.
Items here: ))) [.
There is an open door here.
There is a stone staircase leading down here.
You climb downwards.
You hear the roar of battle.
There is an entrance to a bailey on this level.
Hurry and find it before the portal closes forever!
There is a stone staircase leading up here.
A two-headed ogre comes into view.
It is wielding a +0 giant spiked club and a +0 giant club.
A two-headed ogre is nearby!
A two-headed ogre is nearby!
The two-headed ogre shouts in stereo!
Found a stone staircase leading down.
You hit the two-headed ogre.
The two-headed ogre writhes in agony.
You completely miss the two-headed ogre.
The two-headed ogre misses you. The two-headed ogre closely misses you.
You barely miss the two-headed ogre.
You hit the two-headed ogre but do no damage.
The two-headed ogre writhes in agony.
The two-headed ogre hits you with a +0 giant spiked club!
The two-headed ogre hits you with a +0 giant club!!
You feel threatened and lose the ability to read scrolls!
* * * LOW HITPOINT WARNING * * *
You are too injured to fight recklessly! 😨 HP[-37]
You take 37 damage, and now have 20/57 hp.
MASSIVE DAMAGE!! (PAUSE)
You hit the two-headed ogre.
The two-headed ogre writhes in agony. 😨 HP[+1]
Aiming: Paralyse
Press: ? - help, Shift-Dir - straight line, f - two-headed ogre
Aim: a two-headed ogre, wielding a +0 giant spiked club and a +0 giant club (heavily wounded, chance to affect: 31%)
Okay, then.
The two-headed ogre attacks as you move away!
The two-headed ogre closely misses you. x2
The two-headed ogre attacks as you move away!
The two-headed ogre hits you with a +0 giant spiked club!!
* * * LOW HITPOINT WARNING * * *
The two-headed ogre hits you with a +0 giant club!
You die...

Skill      XL: |  1  2  3  4  5  6  7  8 |
---------------+-------------------------+-----
Spellcasting   | 2 3 4 5 |  5.6
Poison Magic   | 3 4 |  4.0
Short Blades   | 1 2 3 4 5 |  5.3
Necromancy     | 1 2 3 4 5 |  5.3
Dodging        | |  1.7
Stealth        | |  1.7
Transmutations | |  0.8

Action                   |  1- 3 |  4- 6 |  7- 9 || total
-------------------------+-------+-------+-------++-------
Melee: Dagger            |    50 |   134 |   144 ||   328
       Punch             |       |     1 |     2 ||     3
 Cast: Sting             |    29 |     2 |       ||    31
Evoke: Wand              |       |       |     8 ||     8
  Use: Scroll            |     4 |     4 |     2 ||    10
       Potion            |     3 |     5 |     2 ||    10
 Stab: Sleeping          |     2 |     1 |       ||     3
       Distracted        |       |     1 |       ||     1
       Paralysed         |       |       |     4 ||     4
Armor: Robe              |    13 |    30 |    21 ||    64
       Skin              |     1 |    10 |     2 ||    13
Dodge: Dodged            |    38 |    85 |    70 ||   193

Levels and vault maps discovered:
D:1:      ncdulo_halloftheorcs, layout_loops_ring, minmay_misc_feat_more_columns
D:2:      layout_rooms, ebering_ecumenical_altar_box, minivault_26,
          uniq_crazy_yiuf_cottage
D:3:      layout_basic, nemelex_spade_bored_becter, marbit_many_paths,
          serial_shops, shop
D:4:      kennysheep_the_goblin_king, layout_cave_pools,
          nicolae_ru_path_of_blood, mainiacjoe_overflow_six_doors_small,
          minivault_24, hangedman_decor_points
D:5:      layout_gridville, gammafunk_ghost_nasty_kobolds,
          gup_ossuary_entry_pyramid, uniq_sigmund, uniq_duvessa
D:6:      layout_basic, overflow_temple_1_default, lemuel_crystal_altar,
          lemuel_temple_firewalk_b, chequers_serial_rivers_small_b
D:7:      layout_basic, mainiacjoe_overflow_paths, enter_bailey_3, uniq_menkaure

Notes
Turn   | Place    | Note
-------+----------+-------------------------------------------
     0 | D:1      | spaghetti the Demigod Venom Mage began the quest for the
                  | Orb.
     0 | D:1      | Reached XP level 1. HP: 14/14 MP: 5/5
     0 | D:1      | magus.rc [v1.9.6]
   258 | D:1      | Reached skill level 2 in Spellcasting
   572 | D:1      | Reached skill level 3 in Poison Magic
   798 | D:2      | Reached XP level 2. HP: 20/20 MP: 2/7
   898 | D:2      | You fall into a shaft and drop 1 floor!
  1375 | D:3      | Identified the +8 dagger of Precise Incision {pain, Dex+2}
  1472 | D:3      | Reached XP level 3. HP: 21/26 MP: 9/9
  1762 | D:2      | Noticed a necrophage
  1787 | D:2      | HP: 6/33 [necrophage (4)]
  1789 | D:2      | Killed a necrophage
  1790 | D:2      | Reached skill level 1 in Short Blades
  1790 | D:2      | Reached skill level 1 in Necromancy
  1790 | D:2      | Reached XP level 4. HP: 8/33 MP: 9/11
  2371 | D:2      | Found a runed translucent door.
  2372 | D:2      | Noticed Crazy Yiuf
  2383 | D:2      | Killed Crazy Yiuf
  2384 | D:2      | Reached skill level 3 in Spellcasting
  2708 | D:3      | Reached skill level 4 in Poison Magic
  2752 | D:3      | Learned a level 3 spell: Mephitic Cloud
  2757 | D:3      | Learned a level 4 spell: Olgreb's Toxic Radiance
  2765 | D:3      | Found Ygeituir's Distillery.
  2773 | D:3      | Bought a potion of mutation for 96 gold pieces
  2773 | D:3      | Gained mutation: You are weak. (Str -2) [potion of
                  | mutation]
  2773 | D:3      | Gained mutation: You sometimes lose the ability to read
                  | scrolls when taking damage. [potion of mutation]
  2773 | D:3      | Gained mutation: You are covered in fur. (AC +1) [potion of
                  | mutation]
  2878 | D:3      | Reached XP level 5. HP: 38/38 MP: 12/12
  3280 | D:4      | HP: 7/38 [phantom (6)]
  3281 | D:5      | Entered Level 5 of the Dungeon
  3285 | D:5      | Reached skill level 2 in Short Blades
  3285 | D:5      | Reached skill level 2 in Necromancy
  3595 | D:4      | Noticed Ijyb
  3823 | D:4      | Reached XP level 6. HP: 45/45 MP: 14/14
  3916 | D:4      | Killed Ijyb
  4576 | D:5      | Reached skill level 3 in Short Blades
  4576 | D:5      | Reached skill level 3 in Necromancy
  4588 | D:5      | Reached skill level 4 in Spellcasting
  4603 | D:5      | Reached XP level 7. HP: 31/50 MP: 16/16
  4952 | D:5      | Found a runed translucent gate.
  4952 | D:5      | Found a runed translucent gate.
  4952 | D:5      | Found a runed translucent gate.
  4954 | D:5      | Noticed Cecur's ghost (novice MiFi)
  4975 | D:5      | Noticed Sigmund
  4988 | D:5      | HP: 8/50 [Sigmund/+0 scythe (12)]
  4989 | D:5      | Killed Sigmund
  4994 | D:5      | Noticed Dowan
  5002 | D:5      | HP: 10/50 [Dowan/puff of frost (9)]
  5020 | D:5      | Killed Dowan
  5021 | D:5      | Reached skill level 4 in Short Blades
  5021 | D:5      | Reached skill level 4 in Necromancy
  5121 | D:5      | Noticed Duvessa
  5126 | D:5      | Killed Duvessa
  5740 | D:5      | Reached skill level 5 in Spellcasting
  5744 | D:5      | Reached XP level 8. HP: 39/57 MP: 19/19
  6510 | D:6      | Reached skill level 5 in Short Blades
  6510 | D:6      | Reached skill level 5 in Necromancy
  7131 | D:6      | Found a staircase to the Ecumenical Temple.
  7309 | D:7      | Noticed a two-headed ogre
  7320 | D:7      | HP: 1/57 [two-headed ogre/+0 giant spiked club (20)]
  7320 | D:7      | Mangled by a two-headed ogre

Vanquished Creatures
  Sigmund (D:5)
  Duvessa (D:5)
  A sky beast (D:6)
  A phantom (D:5)
  A scorpion (D:6)
  2 necrophages
  2 bullfrogs (D:6)
  Dowan (D:5)
  2 howler monkeys
  A jelly (D:6)
  Crazy Yiuf (D:2)
  A gnoll shaman (D:5)
  3 orc priests
  9 hounds
  Ijyb (D:4)
  An iguana (D:5)
  3 orc wizards
  A mummy (D:5)
  8 gnolls (D:5)
  10 adders
  2 ufetubi
  A worm (D:2)
  2 dart slugs
  16 orcs
  5 ball pythons
  2 endoplasms (D:1)
  5 giant cockroaches
  10 goblins
  7 hobgoblins
  2 jackals (D:2)
  2 quokkas
  3 bats
  A frilled lizard (D:2)
  A kobold (D:2)
  5 rats
115 creatures vanquished.

Vanquished Creatures (others)
  2 fungi (D:5)
  2 plants (D:5)
4 creatures vanquished.

Grand Total: 119 creatures vanquished

Table legend:
 A = Non-vault XP
 B = Vault XP
 C = Vault XP percentage of total XP
 D = Non-vault monster count
 E = Vault monster count
 F = Vault count percentage of total count
                 A         B        C        D         E       F
            +---------+---------+-------+---------+---------+-------
      Total |    1889 |     555 |  22.7 |     102 |      13 |  11.3
            +---------+---------+-------+---------+---------+-------
        D:1 |      12 |       0 |   0.0 |       7 |       0 |   0.0
        D:2 |     129 |      42 |  24.6 |      18 |       1 |   5.3
        D:3 |      52 |       4 |   7.1 |      16 |       1 |   5.9
        D:4 |     275 |      50 |  15.4 |      18 |       7 |  28.0
        D:5 |     694 |     459 |  39.8 |      25 |       4 |  13.8
        D:6 |     727 |       0 |   0.0 |      18 |       0 |   0.0
            +---------+---------+-------+---------+---------+-------

Illustrated notes

Table legend:
 A = Kills in this place as a percentage of kills in entire the game.
 B = Kills by you in this place as a percentage of kills by you in the entire game.
 C = Kills by friends in this place as a percentage of kills by friends in the entire game.
 D = Other kills in this place as a percentage of other kills in the entire game.
 E = Experience gained in this place as a percentage of experience gained in the entire game.
 F = Experience gained in this place divided by the number of levels of this place that you have seen.
                   A       B       C       D       E      F
               +-------+-------+-------+-------+-------+----------------------
         Total | 100.0 | 100.0 |   N/A |   N/A | 100.0 | 349.1
       Dungeon | 100.0 | 100.0 |   N/A |   N/A | 100.0 | 349.1
               +-------+-------+-------+-------+-------+----------------------

Table legend: (Time is in decaauts)
 A = Elapsed time spent in this place.
 B = Non-inter-level travel time spent in this place.
 C = Inter-level travel time spent in this place.
 D = Time resting spent in this place.
 E = Time spent auto-exploring this place.
 F = Levels seen in this place.
 G = Mean time per level.
                   A        B        C        D        E       F      G
               +--------+--------+--------+--------+--------+-----+--------+
         Total |   7290 |   7028 |    262 |   1971 |   4219 |   7 | 1041.4 |
       Dungeon |   7290 |   7028 |    262 |   1971 |   4219 |   7 | 1041.4 |
               +--------+--------+--------+--------+--------+-----+--------+

Top non-repeatable levels by time:
     D:5: 1701 daAuts
     D:2: 1287 daAuts
     D:6: 1195 daAuts
     D:4: 1168 daAuts
     D:3: 1134 daAuts
     D:1: 791 daAuts
     D:7: 11 daAuts
